WASHINGTON Capitals vs NEW YORK Islanders

Created - 25 novembre 2018 at 15:02

Goals
1 2 3 T
WASHINGTON Capitals 2 2 2 6
NEW YORK Islanders 1 1 0 2
Shots
1 2 3 T
WASHINGTON Capitals 12 18 12 42
NEW YORK Islanders 8 14 9 31

1st period

1. WASHINGTON Capitals , William Karlsson 10 (Andy Greene 11) at 8:28
2. WASHINGTON Capitals , Pavel Buchnevich 5 (Ryan Strome 4, Anton Stralman 11) at 11:56
3. NEW YORK Islanders , Kevin Connauton 4 (Colton Parayko 10, Martin Hanzal 6) at 19:17

Penalties :
No Penalty

2nd period

4. WASHINGTON Capitals , Anton Stralman 6 (Christian Dvorak 6, Adam Larsson 9) at 1:29
5. NEW YORK Islanders , Martin Marincin 2 (Adam Lowry 12, Andrew Ladd 5) at 8:19
6. WASHINGTON Capitals , Brock Boeser 7 (William Karlsson 12, Adam Larsson 10) at 10:48

Penalties :
Dmitrij Jaskin (NYI) for Slashing (Minor) at 3:32

3rd period

7. WASHINGTON Capitals , Ryan Strome 5 (Anton Stralman 12, Adam Larsson 11) at 5:55
8. WASHINGTON Capitals , Anton Stralman 7 (William Karlsson 13) at 13:16 (PP)

Penalties :
Radek Faksa (NYI) for Cross-checking (Minor) at 6:45, Justin Abdelkader (NYI) for Holding (Minor) at 11:41, Colton Parayko (NYI) for Hooking (Minor) at 17:21

Goalie Stats

Robin Lehner (WSH), 29 saves from 31 shots - (0,935), W, 5-6-1, 60:00 minutes
Ondrej Pavelec (NYI), 36 saves from 42 shots - (0,857), L, 0-1-0, 60:00 minutes

Players Stats for WASHINGTON Capitals

Player Name              G  A  P  +/- PIM S  H  SB GA TA FO     MP     PP MP  PK MP  
------------------------------------------------------------------------------------
Adam Larsson             0  3  3   3  0   2  2  2  0  0  0/0    20:37   0:00   0:00 
Andy Greene              0  1  1   0  0   2  2  0  0  0  0/0    21:51   3:47   0:00 
Anton Stralman           2  2  4   3  0   2  0  2  0  0  0/0    24:39   3:47   0:00 
Blake Coleman            0  0  0   0  0   3  2  0  0  0  9/12    7:05   0:00   0:00 
Blake Comeau             0  0  0   0  0   2  1  0  0  0  1/4    18:39   3:05   0:00 
Braydon Coburn           0  0  0   0  0   1  1  1  0  0  0/0    15:29   1:02   0:00 
Brock Boeser             1  0  1   1  0   6  0  0  0  0  1/1    23:12   4:02   0:00 
Christian Dvorak         0  1  1   1  0   2  4  0  0  0  1/2    23:12   4:02   0:00 
Cody McLeod              0  0  0   0  0   0  1  0  0  0  0/0     7:30   0:25   0:00 
Derek Stepan             0  0  0   0  0   2  0  0  0  0  13/25  18:19   2:45   0:00 
Gustav Nyquist           0  0  0   0  0   4  0  0  0  0  0/1    18:55   3:21   0:00 
Jakub Vrana              0  0  0   2  0   0  0  0  0  0  1/1    10:39   0:00   0:00 
Matt Hendricks           0  0  0   0  0   2  1  1  0  0  1/2     7:05   0:00   0:00 
Pavel Buchnevich         1  0  1   2  0   1  0  0  0  0  1/1    10:39   0:00   0:00 
Ryan Strome              1  1  2   2  0   3  0  0  0  0  9/15   12:12   1:33   0:00 
Thomas Hickey            0  0  0   0  0   2  2  2  0  0  0/0    17:32   3:45   0:00 
Trevor Daley             0  0  0   0  0   2  2  2  0  0  0/0    19:52   2:43   0:00 
William Karlsson         1  2  3   1  0   6  0  0  0  0  18/37  22:33   3:23   0:00 

Players Stats for NEW YORK Islanders

Player Name              G  A  P  +/- PIM S  H  SB GA TA FO     MP     PP MP  PK MP  
------------------------------------------------------------------------------------
Adam Lowry               0  1  1  -1  0   4  3  0  0  0  0/0    21:04   0:00   0:20 
Andrew Ladd              0  1  1  -1  0   2  3  0  0  0  0/1    22:10   0:00   1:26 
Brett Connolly           0  0  0  -2  0   2  0  1  0  0  0/1    15:44   0:00   0:00 
Clarke MacArthur         0  0  0  -1  0   1  0  0  0  0  0/0     5:34   0:00   0:00 
Colton Parayko           0  1  1   0  2   0  0  1  0  0  0/0    19:52   0:00   3:16 
Derek Forbort            0  0  0  -3  0   1  3  1  0  0  0/0    26:26   0:00   3:10 
Dmitrij Jaskin           0  0  0  -2  2   0  0  0  0  0  7/24   15:43   0:00   0:00 
Drew Stafford            0  0  0   1  0   4  0  0  0  0  0/0    10:26   0:00   0:00 
Jay Beagle               0  0  0  -1  0   0  1  0  0  0  9/18   10:20   0:00   4:46 
Joakim Nordstrom         0  0  0  -1  0   1  1  0  0  0  0/0     7:10   0:00   1:36 
Justin Abdelkader        0  0  0   1  2   2  1  0  0  0  0/0    10:25   0:00   0:00 
Kevin Connauton          1  0  1   0  0   2  0  0  0  0  0/0    16:02   0:00   4:15 
Martin Hanzal            0  1  1   1  0   2  3  0  0  0  10/16  14:31   0:00   4:05 
Martin Marincin          1  0  1   0  0   2  2  1  0  0  0/0    18:37   0:00   1:12 
Matt Moulson             0  0  0  -2  0   2  1  0  0  0  0/1    17:25   0:00   1:41 
Radek Faksa              0  0  0  -1  2   6  1  2  0  0  20/40  21:53   0:00   1:10 
Ryan Murray              0  0  0   0  0   0  0  4  0  0  0/0    17:47   0:00   0:22 
Slater Koekkoek          0  0  0  -3  0   0  1  1  0  0  0/0    21:15   0:00   2:49 

3 Stars

1 - Anton Stralman (WSH)
2 - Adam Larsson (WSH)
3 - William Karlsson (WSH)

Power Play

WASHINGTON Capitals - 1 on 4 Attempt(s) - 25,00%
NEW YORK Islanders - 0 on 0 Attempt(s) - 0,00%

Penalty Kill

WASHINGTON Capitals - 0 on 0 Attempt(s) - 0,00% - Score 0 goal in Penalty Kill
NEW YORK Islanders - 3 on 4 Attempt(s) - 75,00% - Score 0 goal in Penalty Kill

Team Stat

WASHINGTON Capitals - Hits : 18 - Faceoff Wins : 55 - Blocked Shots : 10 - Penalty Minutes : 0
NEW YORK Islanders - Hits : 20 - Faceoff Wins : 46 - Blocked Shots : 11 - Penalty Minutes : 8

Official

Referees : Unknown
Linesman : Unknown

Game Notes

No Game Note

Finance

Level 1 -- Attendance: 6000 (100,00%) -- Ticket Income 510 000 $
Level 2 -- Attendance: 5224 (94,98%) -- Ticket Income 261 200 $
Level 3 -- Attendance: 2495 (83,17%) -- Ticket Income 62 375 $
Level 4 -- Attendance: 3194 (63,88%) -- Ticket Income 70 268 $
Luxury Box -- Attendance: 775 (77,50%) -- Ticket Income 166 625 $
Game was played at the Barclays Center.
Total Attendance: 17688 (86,28%)
Total Ticket Income: 1 070 468 $
Other Income: 417 483 $
Total Income: 1 487 951 $

WASHINGTON Capitals

5 vs 5 Forward 
   Center                   Left Wing                Right Wing               Time % Phy DF OF 
 1 William Karlsson         Christian Dvorak         Brock Boeser             39     1   1  3  
 2 Derek Stepan             Gustav Nyquist           Blake Comeau             29     0   2  3  
 3 Ryan Strome              Jakub Vrana              Pavel Buchnevich         19     1   2  2  
 4 Blake Coleman            Cody McLeod              Matt Hendricks           13     2   2  1  

5 vs 5 Defense 
   Defense                  Defense                                           Time % Phy DF OF 
 1 Anton Stralman           Adam Larsson                                      45     1   3  1  
 2 Andy Greene              Trevor Daley                                      30     1   3  1  
 3 Braydon Coburn           Thomas Hickey                                     20     1   3  1  
 4 Andy Greene              Anton Stralman                                    5      0   5  0  

PowerPlay Forward 
   Center                   Left Wing                Right Wing               Time % Phy DF OF 
 1 William Karlsson         Gustav Nyquist           Blake Comeau             50     1   0  4  
 2 Derek Stepan             Christian Dvorak         Brock Boeser             50     1   0  4  

PowerPlay Defense
   Defense                  Defense                                           Time % Phy DF OF 
 1 Thomas Hickey            Trevor Daley                                      60     1   1  3  
 2 Andy Greene              Anton Stralman                                    40     1   1  3  

Penalty Kill 4 Players Forward 
   Center                   Wing                     Time % Phy DF OF 
 1 Derek Stepan             Matt Hendricks           60     1   4  0  
 2 Blake Coleman            Blake Comeau             40     1   4  0  

Penalty Kill 4 Players Defense
   Defense                  Defense                  Time % Phy DF OF 
 1 Andy Greene              Braydon Coburn           60     1   4  0  
 2 Anton Stralman           Trevor Daley             40     1   4  0  

Penalty Kill - 3 Players Forward 
   Forward                                           Time % Phy DF OF 
 1 Derek Stepan                                      60     0   5  0  
 2 Gustav Nyquist                                    40     0   5  0  

Penalty Kill - 3 Players Defense
   Defense                  Defense                  Time % Phy DF OF 
 1 Andy Greene              Thomas Hickey            60     1   4  0  
 2 Braydon Coburn           Trevor Daley             40     1   4  0  

4 vs 4 Forward 
   Center                   Wing                     Time % Phy DF OF 
 1 Christian Dvorak         Blake Comeau             60     1   2  2  
 2 Derek Stepan             Gustav Nyquist           40     1   2  2  

4 vs 4 Defense
   Defense                  Defense                  Time % Phy DF OF 
 1 Trevor Daley             Thomas Hickey            60     1   2  2  
 2 Andy Greene              Braydon Coburn           40     1   2  2  

Last Minutes Offensive
   Center                   Left Wing                Right Wing               Defense                  Defense                  
   William Karlsson         Gustav Nyquist           Derek Stepan             Anton Stralman           Trevor Daley             

Last Minutes Defensive
   Center                   Left Wing                Right Wing               Defense                  Defense                  
   William Karlsson         Gustav Nyquist           Derek Stepan             Anton Stralman           Trevor Daley             

Goaltenders
Starting : Robin Lehner             
Backup : Jimmy Howard             

Extra Forwards
Normal : Christian Dvorak, Gustav Nyquist, Derek Stepan - PP : Christian Dvorak, Derek Stepan - PK : Derek Stepan
Extra Defensemen
Normal : Braydon Coburn, Thomas Hickey, Andy Greene - PP : Braydon Coburn - PK : Thomas Hickey, Braydon Coburn
Penalty Shots
Brock Boeser, Derek Stepan, Gustav Nyquist, Ryan Strome, Christian Dvorak

NEW YORK Islanders

5 vs 5 Forward 
   Center                   Left Wing                Right Wing               Time % Phy DF OF 
 1 Radek Faksa              Andrew Ladd              Adam Lowry               40     1   2  2  
 2 Dmitrij Jaskin           Matt Moulson             Brett Connolly           30     1   2  2  
 3 Martin Hanzal            Drew Stafford            Justin Abdelkader        20     1   2  2  
 4 Jay Beagle               Clarke MacArthur         Joakim Nordstrom         10     1   2  2  

5 vs 5 Defense 
   Defense                  Defense                                           Time % Phy DF OF 
 1 Slater Koekkoek          Derek Forbort                                     40     1   2  2  
 2 Ryan Murray              Martin Marincin                                   30     1   2  2  
 3 Colton Parayko           Kevin Connauton                                   20     1   2  2  
 4 Derek Forbort            Colton Parayko                                    10     1   2  2  

PowerPlay Forward 
   Center                   Left Wing                Right Wing               Time % Phy DF OF 
 1 Radek Faksa              Brett Connolly           Jay Beagle               60     1   2  2  
 2 Martin Hanzal            Matt Moulson             Dmitrij Jaskin           40     1   2  2  

PowerPlay Defense
   Defense                  Defense                                           Time % Phy DF OF 
 1 Colton Parayko           Slater Koekkoek                                   60     1   2  2  
 2 Derek Forbort            Kevin Connauton                                   40     1   2  2  

Penalty Kill 4 Players Forward 
   Center                   Wing                     Time % Phy DF OF 
 1 Jay Beagle               Martin Hanzal            60     1   2  2  
 2 Radek Faksa              Matt Moulson             40     1   2  2  

Penalty Kill 4 Players Defense
   Defense                  Defense                  Time % Phy DF OF 
 1 Derek Forbort            Slater Koekkoek          60     1   2  2  
 2 Kevin Connauton          Colton Parayko           40     1   2  2  

Penalty Kill - 3 Players Forward 
   Forward                                           Time % Phy DF OF 
 1 Jay Beagle                                        60     1   2  2  
 2 Radek Faksa                                       40     1   2  2  

Penalty Kill - 3 Players Defense
   Defense                  Defense                  Time % Phy DF OF 
 1 Slater Koekkoek          Colton Parayko           60     1   2  2  
 2 Kevin Connauton          Derek Forbort            40     1   2  2  

4 vs 4 Forward 
   Center                   Wing                     Time % Phy DF OF 
 1 Radek Faksa              Jay Beagle               60     1   2  2  
 2 Matt Moulson             Martin Hanzal            40     1   2  2  

4 vs 4 Defense
   Defense                  Defense                  Time % Phy DF OF 
 1 Colton Parayko           Slater Koekkoek          60     1   2  2  
 2 Martin Marincin          Derek Forbort            40     1   2  2  

Last Minutes Offensive
   Center                   Left Wing                Right Wing               Defense                  Defense                  
   Radek Faksa              Dmitrij Jaskin           Justin Abdelkader        Slater Koekkoek          Derek Forbort            

Last Minutes Defensive
   Center                   Left Wing                Right Wing               Defense                  Defense                  
   Martin Hanzal            Dmitrij Jaskin           Adam Lowry               Slater Koekkoek          Derek Forbort            

Goaltenders
Starting : Ondrej Pavelec           
Backup : Ryan Miller              

Extra Forwards
Normal : Radek Faksa, Matt Moulson, Jay Beagle - PP : Radek Faksa, Matt Moulson - PK : Jay Beagle
Extra Defensemen
Normal : Colton Parayko, Slater Koekkoek, Derek Forbort - PP : Slater Koekkoek - PK : Slater Koekkoek, Derek Forbort
Penalty Shots
Matt Moulson, Dmitrij Jaskin, Brett Connolly, Radek Faksa, Jay Beagle


% Time on Ice - WASHINGTON Capitals

Lines # - Real PCT - Wanted PCT - Time Play
Normal Forward
1 - 37% - 39% - 19:10
2 - 30% - 29% - 15:34
3 - 20% - 19% - 10:39
4 - 14% - 13% - 7:05
Normal Defense
1 - 39% - 45% - 20:37
2 - 33% - 30% - 17:09
3 - 26% - 20% - 13:47
4 - 2% - 5% - 0:55
PP Forward
1 - 46% - 50% - 3:30
2 - 54% - 50% - 4:02
PP Defense
1 - 50% - 60% - 3:45
2 - 50% - 40% - 3:47
PK Forward
1 - 0% - 60%
2 - 0% - 40%
PK Defense
1 - 0% - 60%
2 - 0% - 40%
PK3 Forward
1 - 0% - 60%
2 - 0% - 40%
PK3 Defense
1 - 0% - 60%
2 - 0% - 40%
44 Forward
1 - 0% - 60%
2 - 0% - 40%
44 Defense
1 - 0% - 60%
2 - 0% - 40%
Last Minute Offensive  - 0:00
Last Minute Defensive  - 0:00
Total
Forward - 60:00
Defense - 60:00

% Time on Ice - NEW YORK Islanders

Lines # - Real PCT - Wanted PCT - Time Play
Normal Forward
1 - 40% - 40% - 20:44
2 - 30% - 30% - 15:44
3 - 20% - 20% - 10:26
4 - 11% - 10% - 5:34
Normal Defense
1 - 35% - 40% - 18:26
2 - 33% - 30% - 17:25
3 - 22% - 20% - 11:47
4 - 9% - 10% - 4:50
PP Forward
1 - 0% - 60%
2 - 0% - 40%
PP Defense
1 - 0% - 60%
2 - 0% - 40%
PK Forward
1 - 78% - 60% - 5:51
2 - 22% - 40% - 1:41
PK Defense
1 - 37% - 60% - 2:45
2 - 63% - 40% - 4:47
PK3 Forward
1 - 0% - 60%
2 - 0% - 40%
PK3 Defense
1 - 0% - 60%
2 - 0% - 40%
44 Forward
1 - 0% - 60%
2 - 0% - 40%
44 Defense
1 - 0% - 60%
2 - 0% - 40%
Last Minute Offensive  - 0:00
Last Minute Defensive  - 0:00
Total
Forward - 60:00
Defense - 60:00

Play by Play

1st period


0:01 of 1st period - Radek Faksa wins face-off versus Christian Dvorak in neutral zone.
0:05 of 1st period - Shot by Radek Faksa.
0:05 of 1st period - Stopped by Robin Lehner without a rebound.
0:06 of 1st period - Derek Stepan wins face-off versus Dmitrij Jaskin in WASHINGTON Capitals zone.
0:13 of 1st period - Shot by Gustav Nyquist.
0:13 of 1st period - Shot Misses the Net.
1:16 of 1st period - Derek Forbort is hit by Adam Larsson and loses puck.
1:25 of 1st period - Shot by Adam Lowry.
1:25 of 1st period - Shot Misses the Net.
1:27 of 1st period - Shot by Slater Koekkoek.
1:27 of 1st period - Shot Misses the Net.
1:29 of 1st period - Shot by Adam Lowry.
1:29 of 1st period - Shot Misses the Net.
1:31 of 1st period - Shot by Slater Koekkoek.
1:31 of 1st period - Shot Misses the Net.
1:39 of 1st period - Shot by Radek Faksa.
1:39 of 1st period - Shot Blocked by Adam Larsson.
2:13 of 1st period - Shot by Martin Hanzal.
2:13 of 1st period - Shot Misses the Net.
3:35 of 1st period - Off-side.
3:36 of 1st period - Matt Hendricks wins face-off versus Radek Faksa in neutral zone.
4:32 of 1st period - Derek Stepan is hit by Slater Koekkoek.
4:42 of 1st period - Shot by Derek Stepan.
4:42 of 1st period - Deflect By Gustav Nyquist.
4:42 of 1st period - Stopped by Ondrej Pavelec without a rebound.
4:43 of 1st period - Pavel Buchnevich wins face-off versus Brett Connolly in NEW YORK Islanders zone.
5:10 of 1st period - Shot by Brett Connolly.
5:10 of 1st period - Stopped by Robin Lehner without a rebound.
5:11 of 1st period - Derek Stepan wins face-off versus Radek Faksa in WASHINGTON Capitals zone.
5:24 of 1st period - Derek Stepan is hit by Radek Faksa and loses puck.
5:33 of 1st period - Shot by Andrew Ladd.
5:33 of 1st period - Shot Misses the Net.
6:25 of 1st period - Shot by Brock Boeser.
6:25 of 1st period - Deflect By Christian Dvorak.
6:25 of 1st period - Shot Misses the Net.
6:27 of 1st period - Shot by Thomas Hickey.
6:27 of 1st period - Shot Blocked by Martin Marincin.
6:29 of 1st period - Shot by Thomas Hickey.
6:29 of 1st period - Stopped by Ondrej Pavelec without a rebound.
6:30 of 1st period - Ryan Strome wins face-off versus Dmitrij Jaskin in NEW YORK Islanders zone.
6:30 of 1st period - Braydon Coburn is hit by Derek Forbort and loses puck.
7:30 of 1st period - Derek Forbort is hit by Andy Greene and loses puck.
7:41 of 1st period - Shot by Brock Boeser.
7:41 of 1st period - Stopped by Ondrej Pavelec without a rebound.
7:42 of 1st period - Radek Faksa wins face-off versus Derek Stepan in NEW YORK Islanders zone.
7:50 of 1st period - Shot by Blake Comeau.
7:50 of 1st period - Deflect By Derek Stepan.
7:50 of 1st period - Stopped by Ondrej Pavelec without a rebound.
7:51 of 1st period - Radek Faksa wins face-off versus Gustav Nyquist in NEW YORK Islanders zone.
7:51 of 1st period - Radek Faksa is hit by Blake Comeau.
8:18 of 1st period - Shot by Derek Stepan.
8:18 of 1st period - Shot Misses the Net.
8:20 of 1st period - Shot by Anton Stralman.
8:20 of 1st period - Shot Blocked by Radek Faksa.
8:24 of 1st period - Shot by Gustav Nyquist.
8:24 of 1st period - Stopped by Ondrej Pavelec without a rebound.
8:25 of 1st period - William Karlsson wins face-off versus Jay Beagle in NEW YORK Islanders zone.
8:28 of 1st period - Shot by William Karlsson.
8:28 of 1st period - Goal by William Karlsson - WASHINGTON Capitals : 1 - NEW YORK Islanders : 0.
8:29 of 1st period - William Karlsson wins face-off versus Jay Beagle in neutral zone.
9:02 of 1st period - Shot by Brock Boeser.
9:02 of 1st period - Stopped by Ondrej Pavelec without a rebound.
9:03 of 1st period - Radek Faksa wins face-off versus Blake Coleman in NEW YORK Islanders zone.
9:14 of 1st period - Shot by Adam Lowry.
9:14 of 1st period - Deflect By Andrew Ladd.
9:14 of 1st period - Stopped by Robin Lehner without a rebound.
9:15 of 1st period - Martin Hanzal wins face-off versus Blake Comeau in WASHINGTON Capitals zone.
9:40 of 1st period - Shot by Drew Stafford.
9:40 of 1st period - Stopped by Robin Lehner without a rebound.
9:41 of 1st period - William Karlsson wins face-off versus Radek Faksa in WASHINGTON Capitals zone.
9:41 of 1st period - William Karlsson is hit by Andrew Ladd.
9:50 of 1st period - Icing by Ryan Murray.
9:51 of 1st period - Blake Coleman wins face-off versus Radek Faksa in NEW YORK Islanders zone.
10:00 of 1st period - Shot by Blake Coleman.
10:00 of 1st period - Shot Misses the Net.
10:02 of 1st period - Shot by Matt Hendricks.
10:02 of 1st period - Stopped by Ondrej Pavelec without a rebound.
10:03 of 1st period - Dmitrij Jaskin wins face-off versus William Karlsson in NEW YORK Islanders zone.
10:10 of 1st period - Matt Moulson is hit by Trevor Daley and loses puck.
10:32 of 1st period - Icing by Andy Greene.
10:33 of 1st period - Radek Faksa wins face-off versus William Karlsson in WASHINGTON Capitals zone.
10:46 of 1st period - Shot by Adam Lowry.
10:46 of 1st period - Shot Misses the Net.
11:06 of 1st period - Shot by Colton Parayko.
11:06 of 1st period - Shot Misses the Net.
11:56 of 1st period - Shot by Pavel Buchnevich.
11:56 of 1st period - Goal by Pavel Buchnevich - WASHINGTON Capitals : 2 - NEW YORK Islanders : 0.
11:57 of 1st period - Derek Stepan wins face-off versus Martin Hanzal in neutral zone.
11:57 of 1st period - Gustav Nyquist is hit by Martin Hanzal and loses puck.
12:10 of 1st period - Shot by Derek Forbort.
12:10 of 1st period - Stopped by Robin Lehner without a rebound.
12:11 of 1st period - Blake Coleman wins face-off versus Dmitrij Jaskin in WASHINGTON Capitals zone.
12:25 of 1st period - Shot by Cody McLeod.
12:25 of 1st period - Shot Blocked by Brett Connolly.
13:07 of 1st period - Icing by Derek Forbort.
13:08 of 1st period - Derek Stepan wins face-off versus Martin Hanzal in NEW YORK Islanders zone.
13:14 of 1st period - Off-side.
13:15 of 1st period - Jay Beagle wins face-off versus William Karlsson in neutral zone.
13:22 of 1st period - Icing by William Karlsson.
13:23 of 1st period - Radek Faksa wins face-off versus William Karlsson in WASHINGTON Capitals zone.
13:46 of 1st period - Shot by Adam Larsson.
13:46 of 1st period - Deflect By Christian Dvorak.
13:46 of 1st period - Shot Misses the Net.
14:42 of 1st period - Off-side.
14:43 of 1st period - Ryan Strome wins face-off versus Dmitrij Jaskin in neutral zone.
14:50 of 1st period - Shot by Braydon Coburn.
14:50 of 1st period - Stopped by Ondrej Pavelec without a rebound.
14:51 of 1st period - Derek Stepan wins face-off versus Dmitrij Jaskin in NEW YORK Islanders zone.
15:43 of 1st period - Icing by Andy Greene.
15:44 of 1st period - Radek Faksa wins face-off versus Derek Stepan in WASHINGTON Capitals zone.
16:15 of 1st period - Shot by Adam Larsson.
16:15 of 1st period - Stopped by Ondrej Pavelec without a rebound.
16:16 of 1st period - William Karlsson wins face-off versus Martin Hanzal in NEW YORK Islanders zone.
16:24 of 1st period - William Karlsson is hit by Martin Hanzal and loses puck.
16:29 of 1st period - Shot by Drew Stafford.
16:29 of 1st period - Stopped by Robin Lehner without a rebound.
16:30 of 1st period - Jay Beagle wins face-off versus Ryan Strome in WASHINGTON Capitals zone.
16:36 of 1st period - Off-side.
16:37 of 1st period - William Karlsson wins face-off versus Radek Faksa in neutral zone.
17:01 of 1st period - Icing by William Karlsson.
17:02 of 1st period - Dmitrij Jaskin wins face-off versus William Karlsson in WASHINGTON Capitals zone.
17:10 of 1st period - Icing by Anton Stralman.
17:11 of 1st period - Martin Hanzal wins face-off versus William Karlsson in WASHINGTON Capitals zone.
17:20 of 1st period - Icing by Anton Stralman.
17:21 of 1st period - William Karlsson wins face-off versus Dmitrij Jaskin in WASHINGTON Capitals zone.
17:25 of 1st period - Off-side.
17:26 of 1st period - Jay Beagle wins face-off versus Derek Stepan in neutral zone.
17:45 of 1st period - Shot by Clarke MacArthur.
17:45 of 1st period - Stopped by Robin Lehner with a rebound.
17:48 of 1st period - Icing by Gustav Nyquist.
17:49 of 1st period - Radek Faksa wins face-off versus Derek Stepan in WASHINGTON Capitals zone.
17:55 of 1st period - Derek Stepan is hit by Andrew Ladd.
18:07 of 1st period - Shot by Radek Faksa.
18:07 of 1st period - Shot Blocked by Trevor Daley.
18:12 of 1st period - Andy Greene is hit by Adam Lowry and loses puck.
18:35 of 1st period - Shot by Ryan Strome.
18:35 of 1st period - Shot Misses the Net.
18:40 of 1st period - Off-side.
18:41 of 1st period - Blake Coleman wins face-off versus Dmitrij Jaskin in neutral zone.
18:44 of 1st period - Derek Forbort is hit by Blake Coleman and loses puck.
18:53 of 1st period - Shot by Matt Hendricks.
18:53 of 1st period - Shot Blocked by Derek Forbort.
18:55 of 1st period - Shot by Blake Coleman.
18:55 of 1st period - Stopped by Ondrej Pavelec without a rebound.
18:56 of 1st period - Martin Hanzal wins face-off versus William Karlsson in NEW YORK Islanders zone.
19:05 of 1st period - Shot by Drew Stafford.
19:05 of 1st period - Shot Misses the Net.
19:13 of 1st period - Shot by Martin Hanzal.
19:13 of 1st period - Shot Misses the Net.
19:15 of 1st period - Shot by Colton Parayko.
19:15 of 1st period - Shot Blocked by Adam Larsson.
19:17 of 1st period - Shot by Kevin Connauton.
19:17 of 1st period - Goal by Kevin Connauton - WASHINGTON Capitals : 2 - NEW YORK Islanders : 1.
19:18 of 1st period - Ryan Strome wins face-off versus Dmitrij Jaskin in neutral zone.
19:59 of 1st period - Shot by Pavel Buchnevich.
19:59 of 1st period - Shot Misses the Net.
Goals for this period are 2 for WASHINGTON Capitals vs 1 for NEW YORK Islanders.
Shots for this period are 12 for WASHINGTON Capitals vs 8 for NEW YORK Islanders.

2nd period


0:01 of 2nd period - Radek Faksa wins face-off versus William Karlsson in neutral zone.
0:27 of 2nd period - Shot by William Karlsson.
0:27 of 2nd period - Stopped by Ondrej Pavelec without a rebound.
0:28 of 2nd period - Martin Hanzal wins face-off versus Blake Coleman in NEW YORK Islanders zone.
0:28 of 2nd period - Martin Hanzal is hit by Blake Coleman.
0:41 of 2nd period - Shot by Martin Hanzal.
0:41 of 2nd period - Stopped by Robin Lehner without a rebound.
0:42 of 2nd period - Derek Stepan wins face-off versus Dmitrij Jaskin in WASHINGTON Capitals zone.
1:05 of 2nd period - Shot by Derek Stepan.
1:05 of 2nd period - Shot Misses the Net.
1:13 of 2nd period - Shot by Gustav Nyquist.
1:13 of 2nd period - Deflect By Derek Stepan.
1:13 of 2nd period - Stopped by Ondrej Pavelec without a rebound.
1:14 of 2nd period - William Karlsson wins face-off versus Radek Faksa in NEW YORK Islanders zone.
1:17 of 2nd period - Shot by Brock Boeser.
1:17 of 2nd period - Shot Misses the Net.
1:19 of 2nd period - Shot by Adam Larsson.
1:19 of 2nd period - Shot Misses the Net.
1:27 of 2nd period - Shot by Christian Dvorak.
1:27 of 2nd period - Stopped by Ondrej Pavelec with a rebound.
1:29 of 2nd period - Shot by Anton Stralman.
1:29 of 2nd period - Goal by Anton Stralman - WASHINGTON Capitals : 3 - NEW YORK Islanders : 1.
1:30 of 2nd period - Blake Coleman wins face-off versus Martin Hanzal in neutral zone.
1:45 of 2nd period - Shot by Blake Coleman.
1:45 of 2nd period - Shot Blocked by Ryan Murray.
1:53 of 2nd period - Shot by Matt Hendricks.
1:53 of 2nd period - Shot Misses the Net.
2:07 of 2nd period - Shot by Trevor Daley.
2:07 of 2nd period - Stopped by Ondrej Pavelec without a rebound.
2:08 of 2nd period - William Karlsson wins face-off versus Radek Faksa in NEW YORK Islanders zone.
2:16 of 2nd period - William Karlsson is hit by Derek Forbort.
2:34 of 2nd period - Icing by Slater Koekkoek.
2:35 of 2nd period - Radek Faksa wins face-off versus Derek Stepan in NEW YORK Islanders zone.
3:02 of 2nd period - Shot by Gustav Nyquist.
3:02 of 2nd period - Shot Blocked by Radek Faksa.
3:32 of 2nd period - Minor Penalty to Dmitrij Jaskin for Slashing.
3:33 of 2nd period - Derek Stepan wins face-off versus Jay Beagle in NEW YORK Islanders zone.
5:22 of 2nd period - Shot by Brock Boeser.
5:22 of 2nd period - Stopped by Ondrej Pavelec with a rebound.
5:29 of 2nd period - Icing by Anton Stralman.
5:30 of 2nd period - Ryan Strome wins face-off versus Radek Faksa in WASHINGTON Capitals zone.
5:30 of 2nd period - Christian Dvorak is hit by Matt Moulson and loses puck.
5:50 of 2nd period - Shot by Dmitrij Jaskin.
5:50 of 2nd period - Shot Misses the Net.
5:52 of 2nd period - Shot by Matt Moulson.
5:52 of 2nd period - Stopped by Robin Lehner without a rebound.
5:53 of 2nd period - Ryan Strome wins face-off versus Radek Faksa in WASHINGTON Capitals zone.
5:53 of 2nd period - Ryan Strome is hit by Adam Lowry.
6:08 of 2nd period - Shot by Adam Lowry.
6:08 of 2nd period - Stopped by Robin Lehner without a rebound.
6:09 of 2nd period - Blake Coleman wins face-off versus Dmitrij Jaskin in WASHINGTON Capitals zone.
6:27 of 2nd period - Shot by Blake Coleman.
6:27 of 2nd period - Stopped by Ondrej Pavelec with a rebound.
6:29 of 2nd period - Shot by Cody McLeod.
6:29 of 2nd period - Shot Misses the Net.
6:35 of 2nd period - Shot by Matt Hendricks.
6:35 of 2nd period - Stopped by Ondrej Pavelec with a rebound.
6:43 of 2nd period - Shot by Thomas Hickey.
6:43 of 2nd period - Shot Blocked by Slater Koekkoek.
7:10 of 2nd period - Shot by Christian Dvorak.
7:10 of 2nd period - Stopped by Ondrej Pavelec without a rebound.
7:11 of 2nd period - Radek Faksa wins face-off versus Derek Stepan in NEW YORK Islanders zone.
7:25 of 2nd period - Icing by Adam Larsson.
7:26 of 2nd period - Martin Hanzal wins face-off versus Derek Stepan in WASHINGTON Capitals zone.
8:01 of 2nd period - Shot by Gustav Nyquist.
8:01 of 2nd period - Stopped by Ondrej Pavelec without a rebound.
8:02 of 2nd period - Radek Faksa wins face-off versus William Karlsson in NEW YORK Islanders zone.
8:02 of 2nd period - Radek Faksa is hit by Christian Dvorak.
8:05 of 2nd period - Icing by Andrew Ladd.
8:06 of 2nd period - Radek Faksa wins face-off versus William Karlsson in NEW YORK Islanders zone.
8:17 of 2nd period - Shot by Martin Marincin.
8:17 of 2nd period - Shot Misses the Net.
8:19 of 2nd period - Shot by Martin Marincin.
8:19 of 2nd period - Goal by Martin Marincin - WASHINGTON Capitals : 3 - NEW YORK Islanders : 2.
8:20 of 2nd period - Ryan Strome wins face-off versus Jay Beagle in neutral zone.
8:56 of 2nd period - Jay Beagle is hit by Thomas Hickey and loses puck.
9:12 of 2nd period - Icing by Braydon Coburn.
9:13 of 2nd period - Ryan Strome wins face-off versus Radek Faksa in WASHINGTON Capitals zone.
9:20 of 2nd period - Shot by Adam Lowry.
9:20 of 2nd period - Shot Misses the Net.
9:27 of 2nd period - Radek Faksa is hit by Braydon Coburn and loses puck.
9:30 of 2nd period - Shot by Ryan Murray.
9:30 of 2nd period - Deflect By Radek Faksa.
9:30 of 2nd period - Stopped by Robin Lehner with a rebound.
9:32 of 2nd period - Shot by Radek Faksa.
9:32 of 2nd period - Stopped by Robin Lehner with a rebound.
9:34 of 2nd period - Shot by Martin Marincin.
9:34 of 2nd period - Stopped by Robin Lehner without a rebound.
9:35 of 2nd period - Martin Hanzal wins face-off versus William Karlsson in WASHINGTON Capitals zone.
9:42 of 2nd period - Shot by Martin Hanzal.
9:42 of 2nd period - Shot Misses the Net.
9:48 of 2nd period - Shot by Justin Abdelkader.
9:48 of 2nd period - Stopped by Robin Lehner without a rebound.
9:49 of 2nd period - Radek Faksa wins face-off versus Derek Stepan in WASHINGTON Capitals zone.
10:20 of 2nd period - Shot by Adam Lowry.
10:20 of 2nd period - Stopped by Robin Lehner without a rebound.
10:21 of 2nd period - Christian Dvorak wins face-off versus Dmitrij Jaskin in WASHINGTON Capitals zone.
10:39 of 2nd period - Matt Moulson is hit by Christian Dvorak and loses puck.
10:48 of 2nd period - Shot by Brock Boeser.
10:48 of 2nd period - Goal by Brock Boeser - WASHINGTON Capitals : 4 - NEW YORK Islanders : 2.
10:49 of 2nd period - Martin Hanzal wins face-off versus Blake Coleman in neutral zone.
10:52 of 2nd period - Shot by Drew Stafford.
10:52 of 2nd period - Stopped by Robin Lehner without a rebound.
10:53 of 2nd period - Radek Faksa wins face-off versus Derek Stepan in WASHINGTON Capitals zone.
11:20 of 2nd period - Shot by Blake Comeau.
11:20 of 2nd period - Shot Blocked by Colton Parayko.
11:25 of 2nd period - Icing by Andrew Ladd.
11:26 of 2nd period - William Karlsson wins face-off versus Radek Faksa in NEW YORK Islanders zone.
12:32 of 2nd period - Justin Abdelkader is hit by Trevor Daley and loses puck.
12:41 of 2nd period - Shot by Ryan Strome.
12:41 of 2nd period - Stopped by Ondrej Pavelec without a rebound.
12:42 of 2nd period - Derek Stepan wins face-off versus Dmitrij Jaskin in NEW YORK Islanders zone.
12:49 of 2nd period - Shot by Derek Stepan.
12:49 of 2nd period - Shot Blocked by Ryan Murray.
12:51 of 2nd period - Shot by Thomas Hickey.
12:51 of 2nd period - Shot Misses the Net.
14:33 of 2nd period - Shot by Radek Faksa.
14:33 of 2nd period - Deflect By Andrew Ladd.
14:33 of 2nd period - Shot Blocked by Anton Stralman.
14:35 of 2nd period - Shot by Radek Faksa.
14:35 of 2nd period - Stopped by Robin Lehner without a rebound.
14:36 of 2nd period - Martin Hanzal wins face-off versus William Karlsson in WASHINGTON Capitals zone.
14:51 of 2nd period - Shot by William Karlsson.
14:51 of 2nd period - Stopped by Ondrej Pavelec without a rebound.
14:52 of 2nd period - Derek Stepan wins face-off versus Jay Beagle in NEW YORK Islanders zone.
15:01 of 2nd period - Shot by Blake Comeau.
15:01 of 2nd period - Stopped by Ondrej Pavelec without a rebound.
15:02 of 2nd period - William Karlsson wins face-off versus Radek Faksa in NEW YORK Islanders zone.
15:03 of 2nd period - Shot by Brock Boeser.
15:03 of 2nd period - Shot Misses the Net.
15:09 of 2nd period - Shot by William Karlsson.
15:09 of 2nd period - Stopped by Ondrej Pavelec without a rebound.
15:10 of 2nd period - Brock Boeser wins face-off versus Radek Faksa in NEW YORK Islanders zone.
15:21 of 2nd period - Shot by Derek Forbort.
15:21 of 2nd period - Shot Blocked by Anton Stralman.
15:23 of 2nd period - Shot by Radek Faksa.
15:23 of 2nd period - Shot Misses the Net.
15:25 of 2nd period - Shot by Adam Lowry.
15:25 of 2nd period - Shot Misses the Net.
15:27 of 2nd period - Shot by Radek Faksa.
15:27 of 2nd period - Stopped by Robin Lehner without a rebound.
15:28 of 2nd period - Derek Stepan wins face-off versus Martin Hanzal in WASHINGTON Capitals zone.
16:36 of 2nd period - Shot by Brock Boeser.
16:36 of 2nd period - Stopped by Ondrej Pavelec without a rebound.
16:37 of 2nd period - Blake Coleman wins face-off versus Radek Faksa in NEW YORK Islanders zone.
16:37 of 2nd period - Braydon Coburn is hit by Derek Forbort and loses puck.
16:56 of 2nd period - Shot by Andrew Ladd.
16:56 of 2nd period - Shot Blocked by Thomas Hickey.
16:58 of 2nd period - Shot by Adam Lowry.
16:58 of 2nd period - Shot Blocked by Braydon Coburn.
17:08 of 2nd period - Shot by Andrew Ladd.
17:08 of 2nd period - Shot Blocked by Matt Hendricks.
17:10 of 2nd period - Shot by Derek Forbort.
17:10 of 2nd period - Shot Misses the Net.
17:28 of 2nd period - Martin Marincin is hit by Cody McLeod and loses puck.
17:47 of 2nd period - Shot by William Karlsson.
17:47 of 2nd period - Deflect By Brock Boeser.
17:47 of 2nd period - Shot Misses the Net.
17:49 of 2nd period - Shot by William Karlsson.
17:49 of 2nd period - Stopped by Ondrej Pavelec without a rebound.
17:50 of 2nd period - Jay Beagle wins face-off versus Ryan Strome in NEW YORK Islanders zone.
18:16 of 2nd period - Shot by Joakim Nordstrom.
18:16 of 2nd period - Stopped by Robin Lehner with a rebound.
18:50 of 2nd period - Icing by Martin Marincin.
18:51 of 2nd period - William Karlsson wins face-off versus Matt Moulson in NEW YORK Islanders zone.
18:52 of 2nd period - Shot by Brock Boeser.
18:52 of 2nd period - Shot Misses the Net.
18:54 of 2nd period - Shot by Adam Larsson.
18:54 of 2nd period - Shot Blocked by Ryan Murray.
18:56 of 2nd period - Shot by Anton Stralman.
18:56 of 2nd period - Shot Misses the Net.
18:58 of 2nd period - Shot by Adam Larsson.
18:58 of 2nd period - Shot Blocked by Ryan Murray.
19:00 of 2nd period - Shot by Adam Larsson.
19:00 of 2nd period - Stopped by Ondrej Pavelec without a rebound.
19:01 of 2nd period - Blake Comeau wins face-off versus Radek Faksa in NEW YORK Islanders zone.
19:24 of 2nd period - Shot by Adam Lowry.
19:24 of 2nd period - Shot Misses the Net.
19:26 of 2nd period - Shot by Radek Faksa.
19:26 of 2nd period - Deflect By Adam Lowry.
19:26 of 2nd period - Stopped by Robin Lehner without a rebound.
19:27 of 2nd period - William Karlsson wins face-off versus Dmitrij Jaskin in WASHINGTON Capitals zone.
19:48 of 2nd period - Matt Moulson is hit by Thomas Hickey and loses puck.
Goals for this period are 2 for WASHINGTON Capitals vs 1 for NEW YORK Islanders.
Shots for this period are 18 for WASHINGTON Capitals vs 14 for NEW YORK Islanders.

3rd period


0:01 of 3rd period - Radek Faksa wins face-off versus William Karlsson in neutral zone.
0:28 of 3rd period - Shot by Adam Lowry.
0:28 of 3rd period - Deflect By Andrew Ladd.
0:28 of 3rd period - Stopped by Robin Lehner without a rebound.
0:29 of 3rd period - Dmitrij Jaskin wins face-off versus Derek Stepan in WASHINGTON Capitals zone.
0:33 of 3rd period - Icing by Andy Greene.
0:34 of 3rd period - Martin Hanzal wins face-off versus Blake Comeau in WASHINGTON Capitals zone.
0:44 of 3rd period - Shot by Drew Stafford.
0:44 of 3rd period - Shot Blocked by Trevor Daley.
0:56 of 3rd period - Shot by Justin Abdelkader.
0:56 of 3rd period - Shot Misses the Net.
0:58 of 3rd period - Shot by Martin Hanzal.
0:58 of 3rd period - Stopped by Robin Lehner without a rebound.
0:59 of 3rd period - William Karlsson wins face-off versus Radek Faksa in WASHINGTON Capitals zone.
1:52 of 3rd period - Off-side.
1:53 of 3rd period - Derek Stepan wins face-off versus Dmitrij Jaskin in neutral zone.
2:22 of 3rd period - Shot by Trevor Daley.
2:22 of 3rd period - Stopped by Ondrej Pavelec with a rebound.
2:39 of 3rd period - Icing by Ryan Murray.
2:40 of 3rd period - Ryan Strome wins face-off versus Dmitrij Jaskin in NEW YORK Islanders zone.
2:40 of 3rd period - Jakub Vrana is hit by Martin Marincin and loses puck.
2:57 of 3rd period - Shot by Justin Abdelkader.
2:57 of 3rd period - Stopped by Robin Lehner with a rebound.
2:59 of 3rd period - Shot by Kevin Connauton.
2:59 of 3rd period - Stopped by Robin Lehner without a rebound.
3:00 of 3rd period - Radek Faksa wins face-off versus William Karlsson in WASHINGTON Capitals zone.
3:13 of 3rd period - Shot by Brock Boeser.
3:13 of 3rd period - Stopped by Ondrej Pavelec without a rebound.
3:14 of 3rd period - Blake Coleman wins face-off versus Jay Beagle in NEW YORK Islanders zone.
4:40 of 3rd period - Icing by Colton Parayko.
4:41 of 3rd period - Derek Stepan wins face-off versus Radek Faksa in NEW YORK Islanders zone.
5:13 of 3rd period - Shot by Brett Connolly.
5:13 of 3rd period - Stopped by Robin Lehner without a rebound.
5:14 of 3rd period - William Karlsson wins face-off versus Martin Hanzal in WASHINGTON Capitals zone.
5:14 of 3rd period - William Karlsson is hit by Martin Hanzal.
5:20 of 3rd period - Martin Marincin is hit by Christian Dvorak and loses puck.
5:25 of 3rd period - Shot by Brock Boeser.
5:25 of 3rd period - Shot Misses the Net.
5:27 of 3rd period - Shot by Christian Dvorak.
5:27 of 3rd period - Deflect By William Karlsson.
5:27 of 3rd period - Stopped by Ondrej Pavelec without a rebound.
5:28 of 3rd period - Dmitrij Jaskin wins face-off versus Ryan Strome in NEW YORK Islanders zone.
5:32 of 3rd period - Brett Connolly is hit by Adam Larsson and loses puck.
5:51 of 3rd period - Shot by Ryan Strome.
5:51 of 3rd period - Stopped by Ondrej Pavelec with a rebound.
5:55 of 3rd period - Shot by Ryan Strome.
5:55 of 3rd period - Goal by Ryan Strome - WASHINGTON Capitals : 5 - NEW YORK Islanders : 2.
5:56 of 3rd period - Martin Hanzal wins face-off versus William Karlsson in neutral zone.
6:45 of 3rd period - Minor Penalty to Radek Faksa for Cross-checking.
6:46 of 3rd period - Jay Beagle wins face-off versus Blake Comeau in NEW YORK Islanders zone.
6:59 of 3rd period - Shot by Thomas Hickey.
6:59 of 3rd period - Stopped by Ondrej Pavelec without a rebound.
7:00 of 3rd period - Jay Beagle wins face-off versus Derek Stepan in NEW YORK Islanders zone.
7:00 of 3rd period - Jay Beagle is hit by Christian Dvorak.
7:24 of 3rd period - Shot by Andy Greene.
7:24 of 3rd period - Stopped by Ondrej Pavelec without a rebound.
7:25 of 3rd period - William Karlsson wins face-off versus Jay Beagle in NEW YORK Islanders zone.
8:44 of 3rd period - Icing by Braydon Coburn.
8:45 of 3rd period - Dmitrij Jaskin wins face-off versus Matt Hendricks in WASHINGTON Capitals zone.
8:46 of 3rd period - Shot by Matt Moulson.
8:46 of 3rd period - Stopped by Robin Lehner without a rebound.
8:47 of 3rd period - Ryan Strome wins face-off versus Radek Faksa in WASHINGTON Capitals zone.
8:49 of 3rd period - Icing by Pavel Buchnevich.
8:50 of 3rd period - Radek Faksa wins face-off versus Ryan Strome in WASHINGTON Capitals zone.
8:51 of 3rd period - Shot by Adam Lowry.
8:51 of 3rd period - Stopped by Robin Lehner without a rebound.
8:52 of 3rd period - Derek Stepan wins face-off versus Radek Faksa in WASHINGTON Capitals zone.
9:01 of 3rd period - Shot by Blake Comeau.
9:01 of 3rd period - Stopped by Ondrej Pavelec without a rebound.
9:02 of 3rd period - Dmitrij Jaskin wins face-off versus William Karlsson in NEW YORK Islanders zone.
9:38 of 3rd period - Shot by William Karlsson.
9:38 of 3rd period - Deflect By Christian Dvorak.
9:38 of 3rd period - Shot Misses the Net.
10:40 of 3rd period - Derek Stepan is hit by Andrew Ladd and loses puck.
11:25 of 3rd period - Drew Stafford is hit by Andy Greene and loses puck.
11:41 of 3rd period - Minor Penalty to Justin Abdelkader for Holding.
11:42 of 3rd period - Jay Beagle wins face-off versus Ryan Strome in NEW YORK Islanders zone.
12:59 of 3rd period - Shot by Anton Stralman.
12:59 of 3rd period - Deflect By William Karlsson.
12:59 of 3rd period - Shot Misses the Net.
13:01 of 3rd period - Shot by Gustav Nyquist.
13:01 of 3rd period - Stopped by Ondrej Pavelec without a rebound.
13:02 of 3rd period - Jay Beagle wins face-off versus Derek Stepan in NEW YORK Islanders zone.
13:10 of 3rd period - Off-side.
13:11 of 3rd period - William Karlsson wins face-off versus Jay Beagle in neutral zone.
13:14 of 3rd period - Shot by Anton Stralman.
13:14 of 3rd period - Shot Misses the Net.
13:16 of 3rd period - Shot by Anton Stralman.
13:16 of 3rd period - Goal by Anton Stralman - WASHINGTON Capitals : 6 - NEW YORK Islanders : 2.
13:17 of 3rd period - Blake Coleman wins face-off versus Dmitrij Jaskin in neutral zone.
13:22 of 3rd period - Martin Marincin is hit by Matt Hendricks and loses puck.
13:40 of 3rd period - Icing by Adam Larsson.
13:41 of 3rd period - Blake Coleman wins face-off versus Radek Faksa in WASHINGTON Capitals zone.
13:41 of 3rd period - Blake Coleman is hit by Adam Lowry.
13:49 of 3rd period - Shot by Blake Coleman.
13:49 of 3rd period - Stopped by Ondrej Pavelec without a rebound.
13:50 of 3rd period - Radek Faksa wins face-off versus William Karlsson in NEW YORK Islanders zone.
14:27 of 3rd period - Shot by Radek Faksa.
14:27 of 3rd period - Stopped by Robin Lehner without a rebound.
14:28 of 3rd period - Dmitrij Jaskin wins face-off versus Ryan Strome in WASHINGTON Capitals zone.
15:28 of 3rd period - Derek Stepan is hit by Martin Marincin and loses puck.
15:35 of 3rd period - Andy Greene is hit by Justin Abdelkader and loses puck.
15:52 of 3rd period - Shot by Drew Stafford.
15:52 of 3rd period - Stopped by Robin Lehner without a rebound.
15:53 of 3rd period - William Karlsson wins face-off versus Andrew Ladd in WASHINGTON Capitals zone.
16:03 of 3rd period - Icing by Thomas Hickey.
16:04 of 3rd period - William Karlsson wins face-off versus Jay Beagle in WASHINGTON Capitals zone.
16:04 of 3rd period - William Karlsson is hit by Joakim Nordstrom.
16:07 of 3rd period - Christian Dvorak is hit by Jay Beagle.
17:08 of 3rd period - Off-side.
17:09 of 3rd period - Jakub Vrana wins face-off versus Dmitrij Jaskin in neutral zone.
17:21 of 3rd period - Minor Penalty to Colton Parayko for Hooking.
17:22 of 3rd period - Jay Beagle wins face-off versus William Karlsson in NEW YORK Islanders zone.
17:49 of 3rd period - Shot by Andy Greene.
17:49 of 3rd period - Stopped by Ondrej Pavelec with a rebound.
18:13 of 3rd period - Shot by Matt Moulson.
18:13 of 3rd period - Shot Blocked by Thomas Hickey.
18:15 of 3rd period - Shot by Radek Faksa.
18:15 of 3rd period - Shot Misses the Net.
18:58 of 3rd period - Off-side.
18:59 of 3rd period - Radek Faksa wins face-off versus William Karlsson in neutral zone.
Goals for this period are 2 for WASHINGTON Capitals vs 0 for NEW YORK Islanders.
Shots for this period are 12 for WASHINGTON Capitals vs 9 for NEW YORK Islanders.